 Dungeon Crawl Stone Soup version 0.29-a0-1043-g569b05d6ff (webtiles) character file.

Game seed: 12164459090828286282

14989 Newt the Prestidigitator (level 11, -16/80 HPs)
             Began as a Demonspawn Gladiator on Aug 15, 2022.
             Was a Priest of Hepliaklqana.
             Demolished by a large slime creature (33 damage)
             ... on level 11 of the Dungeon.
             The game lasted 00:34:47 (16230 turns).

Newt the Prestidigitator (Demonspawn Gladiator)    Turns: 16230, Time: 00:34:48

Health: -16/80     AC: 16    Str: 19    XL:     11   Next: 96%
Magic:  0/11       EV: 12    Int: 17    God:    Hepliaklqana [***...]
Gold:   472        SH:  5    Dex: 15    Spells: 10/10 levels left

rFire   . . .      SeeInvis +   U - +0 war axe (flame)
rCold   + . .      Faith    .   q - +0 buckler
rNeg    . . .      Spirit   +   e - +3 scale mail of the Sailor {Int+8 SInv Stlth-}
rPois   .          Reflect  .   (helmet restricted)
rElec   .          Harm     .   z - +2 cloak {Will+}
rCorr   .          Rampage  .   h - +0 pair of gloves
Will    +....                   (no boots)
Stlth   ..........              D - amulet of guardian spirit
HPRegen 0.23/turn               n - ring of protection from cold
MPRegen 0.12/turn               (no ring)

@: no status effects
A: reduced essence, antennae 1, yellow scales 1, ignite blood 1
a: Renounce Religion, Recall Ancestor, Ancestor Identity, Transference


You were on level 11 of the Dungeon.
You worshipped Hepliaklqana.
Hepliaklqana was most pleased with you.
You visited 1 branch of the dungeon, and saw 11 of its levels.

You collected 637 gold pieces.
You spent 165 gold pieces at shops.

Inventory:

Hand Weapons
 a - a +2 dagger of venom
 F - a +1 short sword of flaming
 K - a +4 hand axe
 O - a +4 dagger of chaos
 R - a +1 battleaxe of freezing
 U - a +0 war axe of flaming (weapon)
Missiles
 u - 3 boomerangs
 x - 3 curare-tipped darts (quivered)
 y - 139 stones
 B - 6 javelins
 S - 12 poisoned darts
Armour
 c - a +0 helmet
 e - the +3 scale mail of the Sailor (worn) {Int+8 SInv Stlth-}
   (You took it off a kobold on level 4 of the Dungeon)

   Int:       It affects your intelligence (+8).
   SInv:      It lets you see invisible.
   Stlth:     It makes you less stealthy.
 h - a +0 pair of gloves (worn)
 i - a +0 ring mail
 o - a +0 leather armour
 q - a +0 buckler (worn)
 z - a +2 cloak of willpower (worn)
 I - +1 swamp dragon scales
 N - a +2 robe of positive energy
Jewellery
 n - a ring of protection from cold (left hand)
 w - a ring of protection from cold
 D - an amulet of guardian spirit (around neck)
 L - a +6 ring of strength
 Q - a ring of resist corrosion
Wands
 p - a wand of mindburst (3)
 s - a wand of charming (7)
 v - a wand of flame (16)
 C - a wand of digging (11)
 M - a wand of acid (5)
Scrolls
 d - a scroll of magic mapping
 j - 3 scrolls of vulnerability
 m - 2 scrolls of noise
 t - 2 scrolls of identify
 E - 2 scrolls of summoning
 H - a scroll of enchant armour {unknown}
 J - a scroll of fear
 P - a scroll of butterflies
Potions
 b - a potion of berserk rage
 f - a potion of cancellation
 g - a potion of curing
 k - 3 potions of brilliance
 l - 4 potions of lignification
 r - 4 potions of flight
 A - a potion of resistance
 G - 2 potions of attraction
 T - 2 potions of degeneration


   Skills:
 - Level 9.3 Fighting
 - Level 2.6 Short Blades
 - Level 6.0 Axes
 + Level 7.8 Throwing
 - Level 5.0 Armour
 - Level 6.0 Dodging
 - Level 2.0 Stealth
 - Level 4.0 Shields
 - Level 10.0 Evocations


You had 10 spell levels left.
You didn't know any spells.
Your spell library contained the following spells:

 Spells                   Type           Power      Damage    Failure   Level
 Frozen Ramparts          Ice            0%         1d1       95%         3
 Gell's Gravitas          Tloc           0%         N/A       95%         3
 Lesser Beckoning         Tloc           0%         N/A       95%         3
 Teleport Other           Tloc           0%         N/A       95%         3
 Tukima's Dance           Hex            0%         N/A       95%         3
 Ice Form                 Ice/Tmut       0%         N/A       100%        4
 Passage of Golubria      Tloc           0%         N/A       100%        4
 Summon Ice Beast         Ice/Summ       0%         N/A       100%        4
 Blade Hands              Tmut           0%         N/A       100%        5
 Fireball                 Conj/Fire      0%         3d3       100%        5
 Irradiate                Conj/Tmut      0%         3d11      100%        5
 Iskenderun's Battlesphe  Conj           0%         2d6       100%        5
 Yara's Violent Unravell  Hex/Tmut       0%         3d3       100%        5
 Conjure Ball Lightning   Conj/Air       0%         3x3d6     100%        6
 Dragon Form              Tmut           0%         N/A       100%        7
 Orb of Destruction       Conj           0%         9d5       100%        7


Dungeon Overview and Level Annotations

Branches:
Dungeon (11/15)            Temple (0/1) D:6
   Lair: D:8-11         Orc: D:9-12

Altars:
Ashenzari
Cheibriados
Hepliaklqana
Nemelex Xobeh
Xom

Shops:
D:1 [   D:8 *

Portals:
Trove: D:10 (give 5 scrolls of butterflies)

Annotations:
D:7 5 runed translucent doors
D:11 exclusion: 2 oklob plants


Innate Abilities, Weirdness & Mutations

Your life essence is reduced to manifest your ancestor. (-10% HP)
You have a pair of small antennae on your head.
You are partially covered in yellow scales. (AC +2)
Your demonic aura sometimes causes spilled blood to erupt in flames.


Message History

The slime creature barely misses you.
Two slime creatures merge to form a large slime creature.
Unknown command.
You hit the slime creature. You burn the slime creature.
The slime creature is lightly wounded.
You hit the large slime creature. You burn the large slime creature.
The slime creature hits you but does no damage.
Unknown command.
You slash the slime creature! You burn the slime creature.
The slime creature is moderately wounded.
You barely miss the large slime creature.
The slime creature hits you!
You block the large slime creature's attack.
Unknown command.
You hit the slime creature. You burn the slime creature.
The slime creature is heavily wounded.
You hit the large slime creature. You burn the large slime creature.
The slime creature hits you but does no damage.
The large slime creature hits you!!
Unknown command.
You slash the slime creature! You burn the slime creature.
The slime creature is severely wounded.
You completely miss the large slime creature.
The slime creature hits you but does no damage.
The large slime creature hits you. The slime creature hits you!
Quintus casts a spell at the large slime creature.
The large slime creature easily resists.
You hit the slime creature. You burn the slime creature.
The slime creature is severely wounded.
You hit the large slime creature. You burn the large slime creature.
The large slime creature hits you. The slime creature hits you!
* * * LOW HITPOINT WARNING * * *
Unknown command.
You barely miss the slime creature.
The slime creature is severely wounded.
You slash the large slime creature! You burn the large slime creature.
The large slime creature hits you.
* * * LOW HITPOINT WARNING * * *
You block the slime creature's attack. The large slime creature hits you!!!
You die...

#. ###.
##.#. ##....
..... ...##
#JJ# #@# #R#
#+# #.# #.#
#.# #.# #.#
##.########
#.#
##.........#
#.#
#.....####.#
#.#
##......##.#
#.#


You could see the friendly Quintus the hexer, a large slime creature (ally
target) and a slime creature.

Vanquished Creatures
  A hydra (D:11)
  2 boulder beetles
  An ogre mage (D:10)
  A two-headed ogre (D:8)
  A wizard (D:10)
  An ugly thing (D:11)
  2 cyclopes
  A wolf spider (D:10)
  A guardian serpent (shapeshifter) (D:10)
  An unseen horror (D:10)
  A komodo dragon (D:11)
  Maggie (D:7)
  Psyche (D:8)
  4 kobold demonologists (D:10)
  A troll (D:11)
  6 yaks (D:10)
  Grum (D:10)
  A steam dragon (D:10)
  2 vampire mosquitoes (D:10)
  Menkaure (D:5)
  A water moccasin (D:9)
  Duvessa (D:7)
  2 acid dragons
  2 black bears
  An ice beast (D:5)
  2 orc warriors
  A sky beast (D:4)
  2 wolves (D:10)
  4 ogres
  4 centaurs
  A phantom (D:7)
  4 kobold brigands
  7 bullfrogs
  A necrophage (D:4)
  15 wights
  Dowan (D:7)
  A killer bee (D:10)
  4 howler monkeys
  A crimson imp (D:6)
  A hound (D:7)
  An orc priest (D:5)
  Crazy Yiuf (D:7)
  A jelly (D:4)
  4 iguanas
  6 orc wizards
  7 gnolls
  9 adders
  2 shadow imps
  A white imp (D:6)
  2 ufetubi
  5 worms
  2 dart slugs
  19 orcs
  7 endoplasms
  6 giant cockroaches
  9 goblins
  6 hobgoblins
  2 quokkas
  9 ball pythons
  6 bats
  7 frilled lizards
  22 kobolds
  6 rats
227 creatures vanquished.

Vanquished Creatures (collateral kills)
  An unseen horror (D:9)
  2 yaks (D:10)
  A wyvern (D:10)
  2 vampire mosquitoes (D:10)
  2 wolves (D:10)
  A centaur (D:7)
  A necrophage (D:7)
  2 wights
  A howler monkey (D:8)
  A hound (D:7)
  A gnoll bouda (D:10)
  2 gnolls (D:10)
  3 orcs (D:10)
  3 kobolds
23 creatures vanquished.

Vanquished Creatures (others)
  7 hexers
  3 ancestors
10 creatures vanquished.

Grand Total: 260 creatures vanquished

Notes
Turn   | Place    | Note
-------+----------+-------------------------------------------
     0 | D:1      | Newt the Demonspawn Gladiator began the quest for the Orb.
     0 | D:1      | Reached XP level 1. HP: 16/16 MP: 1/1
   345 | D:1      | Gained mutation: You are partially covered in yellow
                  | scales. (AC +2) [demonic ancestry]
   345 | D:1      | Reached XP level 2. HP: 23/23 MP: 2/2
   478 | D:1      | Found Ruikuc's Antique Armour Boutique.
   754 | D:1      | Reached skill level 1 in Stealth
  1136 | D:1      | Reached XP level 3. HP: 16/29 MP: 3/3
  1578 | D:2      | Found a faded altar of an unknown god.
  1930 | D:2      | Found a broken altar of Ashenzari.
  2348 | D:3      | Reached XP level 4. HP: 27/37 MP: 4/4
  2656 | D:3      | Noticed an ogre
  2673 | D:3      | Killed an ogre
  2674 | D:3      | Reached skill level 5 in Fighting
  2674 | D:3      | Reached XP level 5. HP: 12/44 MP: 5/5
  2904 | D:3      | Found a sparkling altar of Nemelex Xobeh.
  3545 | D:3      | You fall into a shaft and drop 2 floors!
  3545 | D:5      | Entered Level 5 of the Dungeon
  3557 | D:5      | Found a broken altar of Ashenzari.
  3578 | D:5      | Noticed an ogre
  3598 | D:5      | HP: 1/45 [ogre/+0 giant club (24)]
  3599 | D:5      | Killed an ogre
  3600 | D:5      | Reached XP level 6. HP: 1/52 MP: 6/6
  4236 | D:4      | Gained mutation: Your demonic aura sometimes causes spilled
                  | blood to erupt in flames. [demonic ancestry]
  4236 | D:4      | Reached XP level 7. HP: 54/60 MP: 7/7
  4383 | D:4      | Identified the +3 scale mail of the Sailor {Int+8 SInv
                  | Stlth-}
  5919 | D:1      | Bought an embroidered cloak for 165 gold pieces
  6149 | D:5      | Found a hazy altar of Hepliaklqana.
  6158 | D:5      | Reached XP level 8. HP: 57/71 MP: 8/8
  6204 | D:5      | Noticed Menkaure
  6609 | D:5      | Became a worshipper of Hepliaklqana the Forgotten
  6848 | D:5      | Killed Menkaure
  7942 | D:6      | Identified the +7 chain mail of Liulo {Harm +Blink rN++
                  | Str-4}
  7976 | D:6      | Found a shimmering altar of Xom.
  8158 | D:6      | Found a staircase to the Ecumenical Temple.
  8444 | D:6      | Reached skill level 1 in Evocations
  8612 | D:7      | Noticed Dowan
  8613 | D:7      | Noticed Duvessa
  8711 | D:7      | Reached skill level 2 in Evocations
  8730 | D:7      | Killed Duvessa
  8731 | D:7      | Reached skill level 3 in Evocations
  8734 | D:7      | Killed Dowan
  8735 | D:7      | Reached XP level 9. HP: 59/76 MP: 7/9
  8903 | D:7      | Reached skill level 4 in Evocations
  8933 | D:7      | Found a runed translucent door.
  8934 | D:7      | Found a runed translucent gate.
  8935 | D:7      | Found a runed translucent gate.
  8936 | D:7      | Found the +9 staff of Olgreb {rPois∞}
  8940 | D:7      | Found a runed translucent door.
  8956 | D:7      | Reached * piety under Hepliaklqana
  9035 | D:7      | Found a runed translucent gate.
  9273 | D:7      | Reached skill level 5 in Evocations
  9289 | D:7      | Noticed Maggie
  9317 | D:7      | Killed Maggie
  9938 | D:7      | Found a runed translucent door.
  9939 | D:7      | Noticed Crazy Yiuf
  9945 | D:7      | Killed Crazy Yiuf
 10024 | D:8      | Noticed Psyche
 10558 | D:8      | Killed Psyche
 10559 | D:8      | Reached skill level 5 in Armour
 10604 | D:8      | Noticed a two-headed ogre
 10615 | D:8      | Killed a two-headed ogre
 10616 | D:8      | Reached XP level 10. HP: 47/74 MP: 5/10
 10783 | D:8      | Found Lexidur's Mass Market.
 11180 | D:9      | Reached ** piety under Hepliaklqana
 11183 | D:9      | Remembered your ancestor Quintus as a hexer
 11362 | D:9      | Reached skill level 5 in Axes
 11399 | D:10     | Entered Level 10 of the Dungeon
 12160 | D:9      | Found a snail-covered altar of Cheibriados.
 12649 | D:10     | Reached skill level 5 in Dodging
 12798 | D:10     | Found a portal to a secret trove of treasure.
 12948 | D:10     | Reached skill level 6 in Evocations
 12956 | D:10     | Reached skill level 7 in Evocations
 13082 | D:10     | Gained mutation: You have a pair of small antennae on your
                  | head. [demonic ancestry]
 13082 | D:10     | Reached XP level 11. HP: 57/80 MP: 8/11
 13208 | D:10     | Noticed Grum
 13390 | D:10     | Killed Grum
 13392 | D:10     | Reached skill level 8 in Evocations
 13419 | D:10     | Noticed an ogre mage
 13429 | D:10     | Noticed a wizard
 13437 | D:10     | Killed a wizard
 13438 | D:10     | Reached skill level 9 in Evocations
 13439 | D:10     | Noticed a wolf spider
 13445 | D:10     | Killed a wolf spider
 13966 | D:10     | Noticed a boulder beetle
 14045 | D:10     | Killed an ogre mage
 14046 | D:10     | Reached skill level 10 in Evocations
 14087 | D:10     | Killed a boulder beetle
 14088 | D:10     | Reached skill level 5 in Throwing
 14494 | D:11     | Noticed a red ugly thing
 14507 | D:11     | Killed a red ugly thing
 14741 | D:11     | Noticed a boulder beetle
 14763 | D:11     | Killed a boulder beetle
 14938 | D:11     | Reached *** piety under Hepliaklqana
 15060 | D:11     | Noticed a seven-headed hydra
 15068 | D:11     | Killed a five-headed hydra
 15295 | D:11     | Noticed an oklob plant
 15295 | D:11     | Noticed an oklob plant
 16230 | D:11     | Demolished by a large slime creature

Illustrated notes

Levels and vault maps discovered:
D:1:      dpeg_arrival_rooms_a, layout_basic, serial_shops, shop, moated_statue,
          minmay_unequal
D:2:      layout_basic, basic_altar, hellmonk_ecumenical_altar_zigzags,
          wad_floor_pattern_untrapped
D:3:      layout_basic, mainiacjoe_overflow_catwalk, minivault_24
D:4:      layout_basic
D:5:      layout_basic, mainiacjoe_overflow_boulevard, kennysheep_mini_moat,
          uniq_menkaure
D:6:      layout_loops_ring, nicolae_overflow_hidden_temple,
          minmay_temple_entry_mini_moons, minmay_fire_ice_demons
D:7:      layout_layer_cave, lemuel_tele_altar,
          minmay_guarded_unrand_staff_of_olgreb, uniq_crazy_yiuf_cottage,
          uniq_maggie, uniq_duvessa
D:8:      layout_rooms, minmay_shop_mass, uniq_psyche
D:9:      layout_basic, cheibrodos_worm_habitat
D:10:     wad_statue_garden, layout_cave_pools, mainiacjoe_overflow_alcove_2,
          nicolae_trove_entry_columns, st_stairs_13, nicolae_figureground_pulse,
          uniq_grum
D:11:     layout_loops_corners, dpeg_oklobed_lair

Skill      XL: |  1  2  3  4  5  6  7  8  9 10 11 |
---------------+----------------------------------+-----
Stealth        | 1 2 |  2.0
Fighting       | 3 5 6 7 9 |  9.3
Shields        | 4 |  4.0
Throwing       | 4 7 |  7.8
Evocations     | 3 5 7 10 | 10.0
Armour         | 5 |  5.0
Axes           | 4 6 |  6.0
Dodging        | 6 |  6.0
Short Blades   | |  2.6

Action                   |  1- 3 |  4- 6 |  7- 9 | 10-12 || total
-------------------------+-------+-------+-------+-------++-------
Melee: Rapier            |   169 |    30 |       |       ||   199
       Punch             |     2 |     2 |     1 |       ||     5
       Dagger            |       |   101 |   454 |    99 ||   654
       Hand axe          |       |       |       |   157 ||   157
       War axe           |       |       |       |   154 ||   154
 Fire: Sling             |       |    78 |    12 |       ||    90
Throw: Throwing net      |       |     3 |       |       ||     3
       Javelin           |       |     1 |     2 |       ||     3
       Boomerang         |       |       |     4 |       ||     4
       Dart              |       |       |     6 |     1 ||     7
Invok: Recall Ancestor   |       |       |       |     2 ||     2
       Ancestor Life: He |       |       |       |     1 ||     1
Evoke: Wand              |       |       |       |    11 ||    11
  Use: Scroll            |       |       |     4 |    19 ||    23
       Potion            |       |       |       |     7 ||     7
 Stab: Sleeping          |     5 |       |       |       ||     5
       Distracted        |     1 |     1 |       |     2 ||     4
       Invisible         |       |       |     1 |       ||     1
       Confused          |       |       |       |     6 ||     6
Armor: Leather armour    |    67 |    34 |    20 |       ||   121
       Scale mail        |       |       |   187 |   224 ||   411
       Skin              |       |       |       |    19 ||    19
Dodge: Dodged            |   121 |    64 |   185 |   236 ||   606
Block: Buckler           |       |       |    74 |   113 ||   187

Table legend: (Time is in decaauts)
 A = Elapsed time spent in this place.
 B = Non-inter-level travel time spent in this place.
 C = Inter-level travel time spent in this place.
 D = Time resting spent in this place.
 E = Time spent auto-exploring this place.
 F = Levels seen in this place.
 G = Mean time per level.
                   A        B        C        D        E       F      G
               +--------+--------+--------+--------+--------+-----+--------+
         Total |  16273 |  15339 |    934 |   3726 |   8806 |  11 | 1479.4 |
       Dungeon |  16273 |  15339 |    934 |   3726 |   8806 |  11 | 1479.4 |
               +--------+--------+--------+--------+--------+-----+--------+

Top non-repeatable levels by time:
    D:10: 2023 daAuts
     D:4: 1996 daAuts
    D:11: 1752 daAuts
     D:1: 1722 daAuts
     D:7: 1663 daAuts
     D:5: 1525 daAuts
     D:3: 1416 daAuts
     D:9: 1370 daAuts
     D:6: 1013 daAuts
     D:2: 976 daAuts
     D:8: 812 daAuts
